 Dungeon Crawl Stone Soup version 0.29-a0-330-g52719c12eb (webtiles) character file.

Game seed: 2782106770830097964

28 emperorscorpion the Grave Robber (level 2, -3/19 HPs)
             Began as a Mummy Necromancer on Apr 22, 2022.
             Slain by a kobold
             ... wielding a +0 whip
              (5 damage)
             ... on level 1 of the Dungeon.
             The game lasted 00:01:34 (769 turns).

emperorscorpion the Grave Robber (Mummy Necromancer) Turns: 769, Time: 00:01:35

Health: -3/19      AC:  2    Str: 11    XL:     2   Next: 96%
Magic:  0/6        EV: 12    Int: 14    God:
Gold:   48         SH:  0    Dex: 12    Spells: 6/7 levels left

rFire   x . .      SeeInvis .   c - +0 short sword
rCold   + . .      Faith    .   (no shield)
rNeg    + + +      Spirit   .   a - +0 robe
rPois   ∞          Reflect  .   (no helmet)
rElec   .          Harm     .   (no cloak)
rCorr   .          Rampage  .   (no gloves)
Will    .....                   (no boots)
Stlth   ++........              (no amulet)
HPRegen 0.06/turn               (no ring)
MPRegen 0.10/turn               (no ring)

@: no status effects
A: cold resistance 1, negative energy resistance 3, torment resistance 2, heat
vulnerability 1, no potions
a: no special abilities


You were on level 1 of the Dungeon.
You visited 1 branch of the dungeon, and saw 1 of its levels.

You collected 48 gold pieces.

Inventory:

Hand Weapons
 c - a +0 short sword (weapon)
Armour
 a - a +0 robe (worn)
Scrolls
 b - a scroll of teleportation {unknown}
 d - a scroll of identify {unknown}


   Skills:
 + Level 1.6 Dodging
 + Level 1.7 Stealth
 + Level 3.2 Spellcasting
 + Level 4.6 Necromancy


You had 6 spell levels left.
You knew the following spells:

 Your Spells              Type           Power      Damage    Failure   Level
a - Pain                  Necr           60%        1d7       3%          1

Your spell library contained the following spells:

 Spells                   Type           Power      Damage    Failure   Level
 Animate Skeleton         Necr           30%        N/A       3%          1
 Vampiric Draining        Necr           15%        2d7       10%         3
 Slow                     Hex            8%         N/A       22%         1
 Animate Dead             Necr           7%         N/A       30%         4
 Confusing Touch          Hex            2%         N/A       54%         3
 Agony                    Necr           15%        N/A       65%         5


Dungeon Overview and Level Annotations

Branches:
Dungeon (1/15)

Altars:


Innate Abilities, Weirdness & Mutations

You are immune to poison.
Your flesh is cold resistant. (rC+)
You are immune to negative energy. (rN+++)
You are immune to unholy pain and torment.
You are vulnerable to heat. (rF-)
You do not drink.


Message History

The jackal closely misses you.
You barely miss the jackal.
The jackal is severely wounded.
The jackal closely misses you.
The jackal bites you but does no damage.
You hit the jackal but do no damage.
The jackal is severely wounded.
The jackal bites you.
You hit the jackal.
You kill the jackal!
You hit the rat but do no damage. The rat closely misses you.
You hit the rat.
You kill the rat!
You closely miss the jackal. The jackal bites you. x2
Casting: Pain (safe; 3% risk of failure)
Confirm with . or Enter, or press ? or * to list all spells.
Aiming: Pain (safe; 3% risk of failure)
Press: ? - help, Shift-Dir - straight line, f - jackal
Aim: a jackal (chance to affect: 85%)
The jackal writhes in agony.
The jackal closely misses you.
Casting: Pain (safe; 3% risk of failure)
Confirm with . or Enter, or press ? or * to list all spells.
Aiming: Pain (safe; 3% risk of failure)
Press: ? - help, Shift-Dir - straight line, f/p - jackal
Aim: a jackal (severely wounded, chance to affect: 85%)
The jackal writhes in agony.
You kill the jackal!
You barely miss the kobold. The kobold closely misses you.
You barely miss the kobold. The kobold misses you.
You hit the kobold but do no damage. The kobold closely misses you.
You closely miss the kobold. The kobold hits you with a +0 whip.
The kobold barely misses you.
You closely miss the kobold. The kobold hits you with a +0 whip.
* * * LOW HITPOINT WARNING * * *
You closely miss the kobold.
The jackal barks!
The kobold hits you with a +0 whip.
* * * LOW HITPOINT WARNING * * *
You barely miss the kobold. The kobold hits you with a +0 whip.
You die...

..........#........#
..........#.....†..#
..K.......##'#####.#
#..r....##.# #.#
#.†.....#### #.#
#$......# #.#
######h###### #.#
#####K##...# #.#
#...#@##...# #.#
#.#.#'##...# #.#
#.#........# #.#
#.##....)### #.#
#........# #.#
########.....# #.#
#...# #)....# #.#
#...####.....# #.#
### #............#
#.#


You could see a jackal and a kobold.

Vanquished Creatures
  3 bats (D:1)
  3 endoplasms (D:1)
  A giant cockroach (D:1)
  A goblin (D:1)
  5 hobgoblins (D:1)
  4 jackals (D:1)
  A ball python (D:1)
  A frilled lizard (D:1)
  2 kobolds (D:1)
  A rat (D:1)
22 creatures vanquished.

Notes
Turn   | Place    | Note
-------+----------+-------------------------------------------
     0 | D:1      | emperorscorpion the Mummy Necromancer began the quest for
                  | the Orb.
     0 | D:1      | Reached XP level 1. HP: 13/13 MP: 4/4
   228 | D:1      | Reached XP level 2. HP: 19/19 MP: 2/5
   769 | D:1      | Slain by a kobold

Illustrated notes

Levels and vault maps discovered:
D:1:      saegor_arrival_simple_e, layout_basic

Skill      XL: |  1  2 |
---------------+-------+-----
Spellcasting   | 3 |  3.2
Dodging        | |  1.6
Stealth        | |  1.7
Necromancy     | |  4.6

Action                   || total
-------------------------++-------
Melee: Short sword       ||    18
 Cast: Pain              ||    38
Armor: Robe              ||     5
Dodge: Dodged            ||    16

Table legend: (Time is in decaauts)
 A = Elapsed time spent in this place.
 B = Non-inter-level travel time spent in this place.
 C = Inter-level travel time spent in this place.
 D = Time resting spent in this place.
 E = Time spent auto-exploring this place.
 F = Levels seen in this place.
 G = Mean time per level.
                   A        B        C        D        E       F      G
               +--------+--------+--------+--------+--------+-----+--------+
         Total |    770 |    770 |      0 |      0 |    651 |   1 |  770.0 |
       Dungeon |    770 |    770 |      0 |      0 |    651 |   1 |  770.0 |
               +--------+--------+--------+--------+--------+-----+--------+

Top non-repeatable levels by time:
     D:1: 770 daAuts
